 Dungeon Crawl Stone Soup version 0.23.2-1-ga50397a6bc (webtiles) character file.

Game seed: 267645851484057333

84 Lennu the Shield-Bearer (level 4, 28/29 HPs)
             Began as a Gargoyle Fighter on Apr 25, 2019.
             Quit the game on level 3 of the Dungeon.
             The game lasted 00:03:28 (2498 turns).

Lennu the Shield-Bearer (Gargoyle Fighter)          Turns: 2498, Time: 00:03:28

Health: 28/29      AC: 11    Str: 19    XL:     4   Next: 46%
Magic:  4/4        EV:  7    Int: 13    God:
Gold:   89         SH:  9    Dex: 10    Spells: 3/3 levels left

rFire    . . .     SeeInvis .   a - +0 flail
rCold    . . .     Gourm    .   c - +0 shield
rNeg     + . .     Faith    +   b - +0 scale mail
rPois    ∞         Spirit   .   (no helmet)
rElec    +         Reflect  .   (no cloak)
rCorr    .         Harm     .   j - +0 pair of gloves
MR       .....                  (no boots)
Stlth    ..........             e - amulet of faith
HPRegen  0.09/turn              l - +4 ring of intelligence
MPRegen  0.09/turn              (no ring)

@: no status effects
A: negative energy resistance 1, electricity resistance, unbreathing,
petrification resistance, rot immunity, AC +3
a: no special abilities


You were on level 3 of the Dungeon.
You were not hungry.

You visited 1 branch of the dungeon, and saw 3 of its levels.

You collected 89 gold pieces.

Inventory:

Hand Weapons
 a - a +0 flail (weapon)
Armour
 b - a +0 scale mail (worn)
 c - a +0 shield (worn)
 j - a +0 pair of gloves (worn)
Jewellery
 e - an amulet of faith (around neck)
 l - a +4 ring of intelligence (left hand)
Scrolls
 g - a scroll of enchant armour {unknown}
 h - 2 scrolls of identify {unknown}
 i - 2 scrolls of magic mapping {unknown}
 k - a scroll of remove curse {unknown}
Potions
 d - 2 potions of might
Comestibles
 f - 2 rations
 m - a chunk of flesh


   Skills:
 * Level 3.7 Fighting
 * Level 3.0 Maces & Flails
 * Level 3.8 Armour
 * Level 0.5 Dodging
 * Level 4.0 Shields


You had 3 spell levels left.
You didn't know any spells.
Your spell library was empty.

Dungeon Overview and Level Annotations

Branches:
Dungeon (3/15)

Altars:
Vehumet


Innate Abilities, Weirdness & Mutations

You are resistant to torment.
Your stone body is resilient. (AC +3)
You are immune to poison.
You resist negative energy. (rN+)
You are resistant to electric shocks. (rElec)
You can survive without breathing.
You are immune to petrification.
You are immune to rotting.


Message History

You destroy the hound skeleton!
Your Maces & Flails skill increases to level 3!
You block the bat's attack.
You barely miss the bat. The bat hits you but does no damage.
You block the bat's attack.
You miss the bat. You block the bat's attack. You block the bat's attack.
You block the bat's attack.
You sock the bat!
You kill the bat!
No target in view!
No target in view!
No target in view!
You see here a bat corpse.
You butcher the bat corpse.
m - a chunk of flesh You see here a bat skeleton.
Quiver which item? (- for none, * to show all) (? for menu, Esc to quit)
Okay, then.
Are you sure you want to abandon this character and quit the game? (Confirm with "yes".)

.. ##########..
##.....#.....
##............
#............. #.##
#.............
#....###.............
..........@..<.......
.....)...............
$....................
$....................
...............#...).
.......(.....########
.............#
.............#
...........##


There were no monsters in sight!

Vanquished Creatures
  A hound skeleton (D:3)
  2 adders (D:2)
  An ooze (D:1)
  2 worms (D:2)
  3 dart slugs
  A leopard gecko (D:2)
  12 bats
  A giant cockroach (D:2)
  A hobgoblin (D:2)
  3 goblins
  8 kobolds
  7 rats
42 creatures vanquished.

Notes
Turn   | Place    | Note
-------+----------+-------------------------------------------
     0 | D:1      | Lennu the Gargoyle Fighter began the quest for the Orb.
     0 | D:1      | Reached XP level 1. HP: 14/14 MP: 1/1
   258 | D:1      | Reached XP level 2. HP: 17/19 MP: 2/2
   723 | D:1      | Reached XP level 3. HP: 22/23 MP: 3/3
  2164 | D:2      | Found a radiant altar of Vehumet.
  2170 | D:2      | Reached XP level 4. HP: 28/28 MP: 4/4
  2334 | D:2      | Reached skill level 4 in Shields
  2498 | D:3      | Quit the game

Skill      XL: |  1  2  3  4 |
---------------+-------------+-----
Shields        | 4 |  4.0
Maces & Flails | 3 |  3.0
Fighting       | |  3.7
Armour         | |  3.8
Dodging        | |  0.5

Action                   |  1- 3 |  4- 6 || total
-------------------------+-------+-------++-------
Melee: Flail             |   144 |    25 ||   169
  Eat: Chunk             |     4 |     1 ||     5
Armor: Scale mail        |    93 |    13 ||   106
Dodge: Dodged            |    59 |    10 ||    69
Block: Shield            |    73 |    21 ||    94
